 Dungeon Crawl Stone Soup version 0.23-a0-319-gb40ba49 (webtiles) character file.

156 Garbasso the Skirmisher (level 5, -7/46 HPs)
             Began as a Ghoul Chaos Knight on Oct 14, 2018.
             Was a Plaything of Xom.
             Mangled by a small abomination (8 damage)
             ... summoned by the capriciousness of Xom
             ... on level 3 of the Dungeon.
             The game lasted 00:05:12 (1641 turns).

Garbasso the Skirmisher (Ghoul Chaos Knight)        Turns: 1641, Time: 00:05:13

Health: -7/46      AC:  5    Str: 16    XL:     5   Next: 37%
Magic:  4/4        EV: 11    Int:  8    God:    Xom [.*....]
Gold:   58         SH:  0    Dex:  8    Spells: 4/4 levels left

rFire    . . .     SeeInvis .   a - +0 mace (chaos)
rCold    + . .     Gourm    .   (no shield)
rNeg     + + +     Faith    .   b - +2 leather armour
rPois    ∞         Spirit   .   (no helmet)
rElec    .         Reflect  .   (no cloak)
rCorr    .         Harm     .   (no gloves)
MR       .....                  (no boots)
Stlth    +.........             (no amulet)
HPRegen  0.00/turn              (no ring)
MPRegen  0.09/turn              (no ring)

@: rotting
A: rotting body, claws 1, carnivore, cold resistance 1, negative energy
resistance 3, inhibited regeneration, torment resistance, unbreathing
a: Renounce Religion


You were on level 3 of the Dungeon.
You worshipped Xom.
You were a plaything of Xom.
You were not hungry.

You visited 1 branch of the dungeon, and saw 3 of its levels.

You collected 58 gold pieces.

Inventory:

Hand Weapons
 a - a +0 mace of chaos (weapon)
Missiles
 d - 4 tomahawks (quivered)
Armour
 b - a +2 leather armour (worn)
Scrolls
 f - a scroll of teleportation {unknown}
 i - a scroll of amnesia {unknown}
 j - 3 scrolls of enchant weapon {unknown}
 k - a scroll of magic mapping {unknown}
Potions
 e - a potion of curing {unknown}
 h - a potion of heal wounds {unknown}
 l - a potion of invisibility {unknown}
 m - a potion of mutation {unknown}
Comestibles
 c - 8 rations


   Skills:
 + Level 4.2 Fighting
 * Level 4.2 Maces & Flails
 + Level 2.8 Armour
 - Level 0.8 Dodging


You had 4 spell levels left.
You didn't know any spells.
Your spell library was empty.

Dungeon Overview and Level Annotations

Branches:
Dungeon (3/15)

Altars:
Okawaru
Xom


Innate Abilities, Weirdness & Mutations

Your body is rotting away.
You thrive on raw meat.
You are immune to poison.
You have sharp fingernails.
You are carnivorous and can eat meat at any time.
Your flesh is cold resistant. (rC+)
You are immune to negative energy. (rN+++)
You do not regenerate when monsters are visible.
You are immune to unholy pain and torment.
You can survive without breathing.


Message History

You have reached level 5!
You feel stronger.
You hear Xom's maniacal laughter.
A chorus of moans calls out to you!
You barely miss the small abomination.
The small abomination closely misses you.
You completely miss the small abomination.
The small abomination barely misses you.
You barely miss the small abomination.
The small abomination hits you but does no damage.
The small abomination hits you!
You barely miss the small abomination. The small abomination hits you.
The small abomination hits you!!
* * * LOW HITPOINT WARNING * * *
The small abomination hits you!
* * * LOW HITPOINT WARNING * * *
You hit the small abomination. You freeze the small abomination.
The small abomination is lightly damaged.
The small abomination hits you!
You die...

#.....+
#.....#
#.....#
#.....#
####...÷.####
#......÷....#
#.##.#'#...<#
#....#x#....#
######@######
#x######
#......#
######.# #.#
#.# #.# #.#
#.#


You could see 2 small abominations.

Vanquished Creatures
  A killer bee (shapeshifter) (D:3)
  2 gnolls (D:2)
  4 adders
  2 worms
  2 leopard geckos
  3 giant cockroaches
  2 goblins (D:1)
  4 hobgoblins
  4 jackals (D:1)
  A quokka (D:2)
  3 bats
  2 frilled lizards (D:1)
  A frilled lizard (shapeshifter) (D:2)
  4 kobolds
  9 rats
44 creatures vanquished.

Vanquished Creatures (collateral kills)
  2 gnolls (D:2)
  A goblin (D:2)
3 creatures vanquished.

Vanquished Creatures (others)
  A fire vortex (D:1)
1 creature vanquished.

Grand Total: 48 creatures vanquished

Notes
Turn   | Place    | Note
-------+----------+-------------------------------------------
     0 | D:1      | Garbasso the Ghoul Chaos Knight began the quest for the
                  | Orb.
     0 | D:1      | Reached XP level 1. HP: 19/19 MP: 0/0
     8 | D:1      | XOM: harmless Tloc miscast
    53 | D:1      | Reached XP level 2. HP: 26/26 MP: 1/1
   411 | D:1      | XOM is BORED!
   411 | D:1      | XOM: mild Fire miscast
   702 | D:1      | Reached XP level 3. HP: 15/30 MP: 2/2
   779 | D:2      | XOM: summons 3 friendly demons
   826 | D:2      | Reached XP level 4. HP: 36/40 MP: 3/3
   863 | D:2      | XOM: harmless Summ miscast
   939 | D:2      | XOM: harmless Tmut miscast
  1038 | D:2      | XOM: scenery: create altars
  1158 | D:2      | XOM: mild Chrm miscast
  1168 | D:2      | XOM: harmless Hex miscast
  1304 | D:2      | Found an iron altar of Okawaru.
  1607 | D:3      | Noticed a boggart
  1607 | D:3      | a worm changed into a boggart
  1611 | D:3      | Noticed a warg
  1611 | D:3      | a boggart changed into a warg
  1613 | D:3      | Noticed a centaur
  1613 | D:3      | a warg changed into a centaur
  1613 | D:3      | a centaur changed into a killer bee
  1618 | D:3      | Reached XP level 5. HP: 40/46 MP: 4/4
  1636 | D:3      | XOM: medium Summ miscast
  1637 | D:3      | Noticed a small abomination
  1640 | D:3      | HP: 1/46 [small abomination[the capriciousness of Xom]
                  | (12)]
  1641 | D:3      | Mangled by a small abomination

Vault maps used:
D:1:      evilmike_arrival_run_for_it, minivault_5
D:2:      first_ration, kennysheep_okawaru_gauntlet
D:3:      grunt_gozag_statues, eino_tiny_chamber, uniq_jessica

Skill      XL: |  1  2  3  4 |
---------------+-------------+-----
Maces & Flails | 3 4 |  4.2
Armour         | 2 |  2.8
Fighting       | 4 |  4.2
Dodging        | |  0.8

Action                   |  1- 3 |  4- 6 || total
-------------------------+-------+-------++-------
Melee: Mace              |    67 |    92 ||   159
Throw: Tomahawk          |     3 |       ||     3
 Stab: Petrified         |       |     1 ||     1
  Eat: Chunk             |    18 |    12 ||    30
Armor: Leather armour    |    36 |    49 ||    85
Dodge: Dodged            |    58 |    70 ||   128

Table legend:
 A = Non-vault XP
 B = Vault XP
 C = Vault XP percentage of total XP
 D = Non-vault monster count
 E = Vault monster count
 F = Vault count percentage of total count
                 A         B        C        D         E       F
            +---------+---------+-------+---------+---------+-------
      Total |     218 |       5 |   2.2 |      46 |       1 |   2.1
            +---------+---------+-------+---------+---------+-------
        D:1 |      32 |       5 |  13.5 |      20 |       1 |   4.8
        D:2 |     109 |       0 |   0.0 |      23 |       0 |   0.0
        D:3 |      77 |       0 |   0.0 |       3 |       0 |   0.0
            +---------+---------+-------+---------+---------+-------
